 Dungeon Crawl Stone Soup version 0.19.1 (webtiles) character file.

463 Gargoyl the Agent of Entropy (level 6, -5/48 HPs)
             Began as a Demonspawn Abyssal Knight on Nov 28, 2016.
             Was a Priest of Lugonu.
             Slain by an ogre
             ... wielding a +0 giant spiked club
              (14 damage)
             ... on level 4 of the Dungeon.
             The game lasted 00:10:11 (5089 turns).

Gargoyl the Agent of Entropy (DsAK)                 Turns: 5089, Time: 00:10:11

Health: -5/48      AC: 13    Str: 14      XL:     6   Next: 79%
Magic:  9/9        EV:  9    Int: 14      God:    Lugonu [***...]
Gold:   179        SH:  3    Dex:  8 (12) Spells: 0 memorised, 5 levels left

rFire  . . .     SeeInvis +     a - +2 hand axe
rCold  . . .     Gourm    .     t - +0 scale mail
rNeg   . . .     Faith    .     d - +0 buckler
rPois  .         Spirit   .     (helmet restricted)
rElec  .         Reflect  .     o - +2 cloak
rCorr  .         Harm     .     w - +2 pair of gloves
MR     .....                    (no boots)
Stlth  ..........               (no amulet)
                                (no ring)
                                n - ring of see invisible

@: flying
A: antennae 1, demonic guardian 1, sturdy frame 1
a: Depart the Abyss, Bend Space, Banish, Renounce Religion


You were on level 4 of the Dungeon.
You worshipped Lugonu.
Lugonu was most pleased with you.
You were not hungry.

You visited 1 branch of the dungeon, and saw 4 of its levels.
You visited the Abyss 1 time.

You collected 179 gold pieces.

Inventory:

Hand Weapons
 a - a +2 hand axe (weapon)
Armour
 d - a +0 buckler (worn)
 o - a +2 cloak (worn)
 t - a +0 scale mail (worn)
 w - a +2 pair of gloves (worn)
Jewellery
 n - a ring of see invisible (left hand)
Wands
 e - a wand of flame (22/48)
Scrolls
 g - 4 scrolls of remove curse
 j - 6 scrolls of identify
 k - a scroll of blinking
 r - 2 scrolls of teleportation
Comestibles
 c - 3 bread rations
 f - 2 meat rations
 h - a beef jerky
 l - a royal jelly
 m - 4 fruits


   Skills:
 + Level 3.7 Fighting
 + Level 3.6 Axes
 * Level 4.2 Armour
 + Level 1.6 Dodging
 + Level 1.0 Shields
 * Level 4.3 Invocations


You had 5 spell levels left.
You didn't know any spells.

Dungeon Overview and Level Annotations

Branches:
Dungeon (4/15)
 Temple: D:4-7

Altars:
Xom


Innate Abilities, Weirdness & Mutations

You have a pair of small antennae on your head.
A weak demonic guardian rushes to your aid.
Your movements are slightly less encumbered by armour. (ER -2)


Message History

The orc wizard completely misses your iron imp.
Something closely misses your iron imp.
Your iron imp hits the orc wizard.
Your shadow imp hits the ogre.
You closely miss the ogre.
The ogre is heavily wounded.
The orc wizard hits your shadow imp but does no damage.
The ogre closely misses you.
Your shadow imp hits the ogre.
Unknown command.
You barely miss the ogre.
The ogre is heavily wounded.
The orc wizard hits your shadow imp with a dagger.
The ogre hits you but does no damage.
Your shadow imp completely misses the orc wizard.
The orc wizard hits your shadow imp but does no damage.
Unknown command.
You slash the ogre!
The ogre is severely wounded.
Your shadow imp hits the orc wizard but does no damage.
The ogre hits you with a giant spiked club!
You die...

#.# #.......##.# # #.#
#.8#####8.#.#### # #.#
#.##...##.#....# # #.# #
#.8.8%#.####.# # #.### #
#..<..#.####.# # #...#
#.#.8.8.#.#....# # ###.#
#.##{5.##.###### # #.#
#.8##o##8.# # #.# #.@O5[..##
# #.# ######### # #.#
#####.###...####### # #.#
#.................# #
#.####.###.###...#####.#####
## #.......##.# ##.##
#...... .##
#.####..##.####.# #######
#.####....(..........#
##..............######


You could see an ogre, an orc wizard and a friendly shadow imp.

Vanquished Creatures
  A centaur (D:4)
  A quasit (D:4)
  Crazy Yiuf (D:4)
  An orc wizard (D:3)
  A centaur skeleton (D:4)
  An iguana (D:4)
  A worker ant (D:4)
  2 adders (D:2)
  An ooze (D:3)
  2 worms (D:3)
  2 dart slugs (D:1)
  4 leopard geckos
  3 orcs
  8 bats
  3 giant cockroaches
  13 goblins
  8 hobgoblins
  7 jackals
  10 kobolds
  2 frilled lizards (D:2)
  4 rats
76 creatures vanquished.

Vanquished Creatures (collateral kills)
  Menkaure (D:4)
  An orc priest (D:3)
  A leopard gecko (D:3)
  3 orcs (D:3)
  A bat (D:3)
  A kobold (D:3)
8 creatures vanquished.

Vanquished Creatures (others)
  A demonic plant (Abyss:1)
1 creature vanquished.

Grand Total: 85 creatures vanquished

Notes
Turn   | Place    | Note
-------+----------+-------------------------------------------
     0 | Abyss:1  | Gargoyl the Demonspawn Abyssal Knight began the quest for the Orb.
     0 | Abyss:1  | Reached XP level 1. HP: 18/18 MP: 2/2
   128 | Abyss:1  | Noticed a quasit
   136 | Abyss:1  | Noticed an iron imp
   154 | Abyss:1  | Noticed a thrashing horror
   157 | D:1      | Escaped the Abyss
   304 | D:1      | Reached * piety under Lugonu
   363 | D:1      | Gained mutation: Your movements are slightly less encumbered by armour. (ER -2) [demonic ancestry]
   363 | D:1      | Reached XP level 2. HP: 22/24 MP: 4/4
   364 | D:1      | Reached skill level 1 in Dodging
   845 | D:1      | Gained mutation: A weak demonic guardian rushes to your aid. [demonic ancestry]
   845 | D:1      | Reached XP level 3. HP: 29/29 MP: 5/5
  1147 | D:2      | Reached ** piety under Lugonu
  1993 | D:2      | Reached XP level 4. HP: 29/35 MP: 6/6
  2914 | D:3      | Gained mutation: You have a pair of small antennae on your head. [demonic ancestry]
  2914 | D:3      | Reached XP level 5. HP: 21/41 MP: 7/7
  3669 | D:4      | Noticed Menkaure
  3679 | D:4      | Killed Menkaure
  3691 | D:4      | Noticed a centaur
  3696 | D:4      | Killed a centaur
  3696 | D:4      | Reached XP level 6. HP: 11/47 MP: 7/9
  3730 | D:4      | HP: 2/47 [centaur skeleton (6)]
  4008 | D:4      | Reached *** piety under Lugonu
  4414 | D:4      | Reached skill level 1 in Shields
  4586 | D:4      | Found a shimmering altar of Xom.
  4684 | D:4      | Found a runed door.
  4688 | D:4      | Noticed Crazy Yiuf
  4706 | D:4      | Killed Crazy Yiuf
  5089 | D:4      | Slain by an ogre

Skill      XL: |  1  2  3  4  5  6 |
---------------+-------------------+-----
Armour         | 2 3 4 |  4.2
Dodging        | 1 |  1.6
Invocations    | 3 4 |  4.3
Axes           | 2 3 |  3.6
Shields        | 1 |  1.0
Fighting       | |  3.7

Action                   |  1- 3 |  4- 6 || total
-------------------------+-------+-------++-------
Melee: Hand axe          |   151 |   189 ||   340
Invok: Depart the Abyss  |     1 |       ||     1
  Use: Scroll            |     2 |    14 ||    16
       Potion            |       |     8 ||     8
  Eat: Chunk             |     3 |     3 ||     6
       Bread ration      |       |     2 ||     2
Armor: Ring mail         |    54 |    13 ||    67
       Scale mail        |       |   113 ||   113
Dodge: Dodged            |   100 |   129 ||   229
Block: Buckler           |    27 |    28 ||    55
